 Dungeon Crawl Stone Soup version 0.28-a0-1567-g1695149f81 (webtiles) character file.

Game seed: 130720336594479773

10495 croobank the Fighter (level 11, 0/94 HPs)
             Began as a Yellow Draconian Transmuter on Jan 19, 2022.
             Was an Initiate of Gozag.
             Slain by a black mamba (11 damage)
             ... on level 2 of the Lair of Beasts on Jan 20, 2022.
             The game lasted 01:18:54 (15020 turns).

croobank the Fighter (Yellow Draconian Transmuter) Turns: 15020, Time: 01:18:55

Health: 0/94       AC: 11    Str: 13    XL:     11   Next: 36%
Magic:  20/20      EV: 15    Int: 25    God:    Gozag
Gold:   782        SH:  0    Dex: 13    Spells: 12/23 levels left

rFire   . . .      SeeInvis .   J - +8 hand axe of Bicvuyrgh {vamp, rElec Int+3}
rCold   . . .      Faith    .   (no shield)
rNeg    . . .      Spirit   .   (armour unavailable)
rPois   +          Reflect  .   (helmet restricted)
rElec   +          Harm     .   E - +1 cloak {Will+}
rCorr   +          Rampage  .   C - +0 pair of gloves
Will    +....                   d - +0 pair of boots
Stlth   +.........              (no amulet)
HPRegen 0.25/turn               R - ring of poison resistance
MPRegen 0.17/turn               O - +6 ring of intelligence

@: about to teleport, short of breath
A: spit acid, AC +7, unfitting armour, cold-blooded, acid resistance
a: Breathe Acid, Renounce Religion, Potion Petition, Call Merchant, Bribe Branch


You were on level 2 of the Lair of Beasts.
You worshipped Gozag.
Gozag was pleased with you.
You visited 3 branches of the dungeon, and saw 12 of its levels.

You collected 1959 gold pieces.
You spent 523 gold pieces at shops.
You paid 654 gold pieces to Gozag.

Inventory:

Hand Weapons
 b - a +0 hunting sling
 y - the +2 mace "Omoep" {vorpal, Str+3 Dex+3}
   (You found it on level 3 of the Dungeon)

   It inflicts extra damage upon your enemies.
   Str:       It affects your strength (+3).
   Dex:       It affects your dexterity (+3).
 J - the +8 hand axe of Bicvuyrgh (weapon) {vamp, rElec Int+3}
   (You found it on level 5 of the Dungeon)

   It occasionally heals its wielder for a portion of the damage dealt when it
   wounds a living foe.
   Int:       It affects your intelligence (+3).
   rElec:     It insulates you from electricity.
 N - a +4 quarterstaff
 U - a +5 battleaxe
Missiles
 g - 2 silver boomerangs
 k - 91 bolts
 l - 58 sling bullets
 o - 171 arrows
 s - 265 stones
 Z - 7 boomerangs
Armour
 d - a +0 pair of boots (worn)
 C - a +0 pair of gloves (worn)
 E - a +1 cloak of willpower (worn)
 Q - a +0 scale mail
Jewellery
 a - a ring of flight
 n - a +6 ring of dexterity
 D - a ring of protection from fire
 O - a +6 ring of intelligence (right hand)
 R - a ring of poison resistance (left hand)
 V - a ring of fire
 X - a +6 ring of dexterity
Wands
 i - a wand of charming (4)
 u - a wand of flame (33)
 v - a wand of digging (17)
 W - a wand of acid (8)
Scrolls
 c - 5 scrolls of vulnerability {unknown}
 e - 2 scrolls of blinking
 f - 2 scrolls of magic mapping {unknown}
 j - 2 scrolls of noise {unknown}
 m - a scroll of fog {unknown}
 q - 5 scrolls of teleportation
 t - 2 scrolls of acquirement {unknown}
 w - 2 scrolls of fear {unknown}
 A - 2 scrolls of holy word {unknown}
 F - 2 scrolls of enchant armour {unknown}
 K - 3 scrolls of immolation
 S - a scroll of summoning {unknown}
 T - a scroll of torment {unknown}
Potions
 h - a potion of might
 p - 2 potions of berserk rage {unknown}
 r - a potion of mutation {unknown}
 x - a potion of cancellation {unknown}
 z - 2 potions of curing
 G - 2 potions of magic {unknown}
 H - a potion of brilliance {unknown}
 I - a potion of resistance {unknown}
 L - a potion of attraction {unknown}
 M - 2 potions of ambrosia {unknown}
 P - a potion of heal wounds


   Skills:
 + Level 8.2 Fighting
 - Level 1.4 Long Blades
 + Level 6.3(7.7) Axes
 + Level 7.0(8.1) Maces & Flails
 + Level 7.1 Dodging
 - Level 3.5 Unarmed Combat
 - Level 6.5 Spellcasting
 + Level 6.3 Hexes
 - Level 3.0 Transmutations
 * Level 3.7 Air Magic


You had 12 spell levels left.
You knew the following spells:

 Your Spells              Type           Power      Damage    Failure   Level
a - Beastly Appendage     Tmut           46%        N/A       1%          1
b - Wereblood             Tmut           23%        N/A       3%          2
c - Spider Form           Tmut/Pois      15%        N/A       11%         3
d - Silence               Hex/Air        16%        N/A       26%         5

Your spell library contained the following spells:

 Spells                   Type           Power      Damage    Failure   Level
 Slow                     Hex            100%       N/A       1%          1
 Confusing Touch          Hex            39%        N/A       1%          3
 Sting                    Tmut/Pois      60%        1d6       3%          1
 Poisonous Vapours        Pois/Air       34%        N/A       4%          2
 Dazzling Flash           Conj/Hex       48%        N/A       6%          3
 Portal Projectile        Hex/Tloc       48%        N/A       6%          3
 Magic Dart               Conj           32%        1d4       7%          1
 Call Imp                 Summ           8%         N/A       11%         2
 Mephitic Cloud           Conj/Pois/Air  14%        N/A       13%         3
 Leda's Liquefaction      Hex/Erth       12%        N/A       19%         4
 Call Canine Familiar     Summ           8%         N/A       22%         3
 Gell's Gravitas          Tloc           8%         N/A       22%         3
 Lesser Beckoning         Tloc           8%         N/A       22%         3
 Teleport Other           Tloc           8%         N/A       22%         3
 Vampiric Draining        Necr           8%         2d6       22%         3
 Ice Form                 Ice/Tmut       15%        N/A       36%         4
 Animate Dead             Necr           4%         N/A       56%         4
 Olgreb's Toxic Radiance  Pois           8%         N/A       56%         4
 Passage of Golubria      Tloc           8%         N/A       56%         4
 Agony                    Necr           8%         N/A       89%         5
 Borgnjor's Vile Clutch   Necr/Erth      4%         N/A       89%         5
 Death Channel            Necr           4%         N/A       100%        6
 Lehudib's Crystal Spear  Conj/Erth      4%         10d3      100%        8


Dungeon Overview and Level Annotations

Branches:
Dungeon (9/15)             Temple (1/1) D:4            Lair (2/6) D:9
  Snake (0/4) Lair:2
  Swamp: Lair:2-4    Shoals: Lair:2-4       Orc: D:9-12

Altars:
Ashenzari
Cheibriados
Dithmenos
Elyvilon
Fedhas
Gozag
Hepliaklqana
Kikubaaqudgha
Makhleb
Nemelex Xobeh
Okawaru
Qazlal
Ru
Sif Muna
Trog
Uskayaw
Wu Jian
Xom
Yredelemnul
Zin
The Shining One

Shops:
D:3 [   D:4 *   Lair:1 =

Annotations:
D:6 2 transporters, porpoise's ghost, novice DsTm


Innate Abilities, Weirdness & Mutations

You can spit globs of acid.
Your golden yellow scales are hard. (AC +7)
You cannot fit into any form of body armour.
You are cold-blooded and may be slowed by cold attacks.
You are resistant to acid. (rCorr)


Message History

The black mamba is lightly wounded.
The black mamba closely misses you. x2
You hit the black mamba.
The black mamba is lightly wounded.
The water moccasin barely misses you. The black mamba closely misses you.
The water moccasin bites you but does no damage.
You hit the black mamba.
The black mamba is moderately wounded.
The black mamba bites you. The black mamba barely misses you.
The water moccasin completely misses you.
You hit the black mamba.
The black mamba is heavily wounded.
The black mamba barely misses you. The water moccasin bites you.
The black mamba bites you!
You hit the black mamba but do no damage.
The black mamba is heavily wounded.
The black mamba bites you. The water moccasin bites you.
The black mamba barely misses you.
The water moccasin bites you but does no damage.
You feel clever.
You feel a sense of dread.
J - the +8 hand axe of Bicvuyrgh (weapon)
{vamp, rElec Int+3} The basilisk bites you!
The black mamba bites you!
As you read the scroll of teleportation, it crumbles to dust.
You feel strangely unstable. The water moccasin bites you.
The black mamba bites you.
* * * LOW HITPOINT WARNING * * *
The basilisk misses you. The water moccasin misses you.
The black mamba bites you but does no damage.
You hit the basilisk.
You feel better.
The basilisk is lightly wounded.
You hit the water moccasin but do no damage.
You barely miss the black mamba. The black mamba bites you!
* * * LOW HITPOINT WARNING * * *
The water moccasin barely misses you. The basilisk barely misses you.
The basilisk bites you.
* * * LOW HITPOINT WARNING * * *
The black mamba bites you!
You die...
Your body crumbles into a pile of gold.

#### .. .. ..
...## $# #. .#
....## ..>. ..
....^## ##.#.
.## .#....##
#.... ..
#......##
#.#.#.
#.......##
#..S#
.....[...#
##.lS#
..####...##
#...@## .#.
#.....#
##....#### .
##...##
#....)#..#.. .
#...##
#...........P
. #...P#
##....#......
##...##
##...#####P..#
#....##
#.....# ....#
##....#
##...## ....#
#...## #....#
##...#


You could see a black mamba, a basilisk and a water moccasin.

Vanquished Creatures
  A centaur warrior (D:8)
  A death yak (D:8)
  A black mamba (Lair:2)
  5 cane toads
  A rime drake (Lair:1)
  A troll (D:8)
  A polar bear (Lair:1)
  A human (D:7)
  A basilisk (Lair:1)
  12 yaks
  3 steam dragons
  4 nagas (Lair:2)
  4 water moccasins (Lair:1)
  An orc warrior (D:8)
  A sky beast (D:6)
  3 necrophages
  5 wolves (Lair:2)
  2 centaurs
  A phantom (D:6)
  4 bullfrogs
  3 kobold brigands
  A gnoll sergeant (D:6)
  3 scorpions
  7 wights (D:7)
  13 killer bees
  3 vampire bats (D:4)
  A bullfrog zombie (D:5)
  2 centaur zombies
  3 hounds
  2 jellies
  5 orc priests
  2 bullfrog skeletons
  Ijyb (D:3)
  2 iguanas
  6 orc wizards
  A killer bee zombie (D:7)
  2 hound skeletons
  A mummy (D:5)
  5 gnolls
  4 adders
  2 river rats (D:9)
  A white imp (D:7)
  An ufetubus (D:5)
  5 dart slugs
  16 orcs
  8 ball pythons
  2 bat skeletons (D:4)
  3 bat zombies (D:4)
  9 endoplasms
  A giant cockroach (D:2)
  11 goblins
  10 hobgoblins
  8 jackals
  9 quokkas
  10 bats
  5 frilled lizards
  A goblin skeleton (D:7)
  A hobgoblin zombie (D:5)
  19 kobolds
  A kobold skeleton (D:7)
  A kobold zombie (D:5)
  2 orc zombies (D:5)
  11 rats
257 creatures vanquished.

Vanquished Creatures (others)
  An orc wizard (D:5)
  3 fungi (Lair:2)
  3 plants
7 creatures vanquished.

Grand Total: 264 creatures vanquished

Notes
Turn   | Place    | Note
-------+----------+-------------------------------------------
     0 | D:1      | croobank the Draconian Transmuter began the quest for the
                  | Orb.
     0 | D:1      | Reached XP level 1. HP: 16/16 MP: 3/3
   350 | D:2      | Reached XP level 2. HP: 15/23 MP: 3/5
   945 | D:2      | Reached XP level 3. HP: 29/29 MP: 4/6
  1016 | D:2      | Learned a level 2 spell: Wereblood
  1020 | D:2      | Learned a level 3 spell: Spider Form
  1136 | D:1      | Found a faded altar of an unknown god.
  1153 | D:1      | Reached skill level 2 in Fighting
  1540 | D:1      | Reached XP level 4. HP: 36/36 MP: 5/7
  2785 | D:2      | Reached skill level 1 in Long Blades
  2785 | D:2      | Reached XP level 5. HP: 5/42 MP: 4/8
  3200 | D:3      | Noticed Ijyb
  3230 | D:3      | Found a shadowy altar of Dithmenos.
  3316 | D:3      | Found Mejoink's Armour Boutique.
  3323 | D:3      | Bought a +0 pair of boots for 58 gold pieces
  3336 | D:3      | Identified the +2 mace "Omoep" {vorpal, Str+3 Dex+3}
  3743 | D:3      | Killed Ijyb
  4005 | D:3      | Found an ornate altar of the Wu Jian Council.
  4308 | D:4      | Found a staircase to the Ecumenical Temple.
  4333 | D:4      | Reached skill level 1 in Maces & Flails
  4336 | D:4      | Noticed a centaur
  4347 | D:4      | Killed a centaur
  4348 | D:4      | Reached skill level 3 in Fighting
  4348 | D:4      | Reached XP level 6. HP: 23/51 MP: 7/10
  4408 | Temple   | Entered the Ecumenical Temple
  4416 | Temple   | Became a worshipper of Gozag Ym Sagoz the Greedy
  4569 | D:4      | Reached skill level 1 in Hexes
  4673 | D:4      | Found a sacrificial altar of Ru.
  4773 | D:4      | Found a sparkling altar of Nemelex Xobeh.
  4992 | D:4      | Found a white marble altar of Elyvilon.
  5127 | D:4      | Found Ulak Pih's General Store.
  5135 | D:4      | Bought a +1 cloak of willpower for 165 gold pieces
  5210 | D:4      | Found an ancient bone altar of Kikubaaqudgha.
  5214 | D:4      | Your scales start taking on a golden yellow colour.
  5214 | D:4      | Reached XP level 7. HP: 57/57 MP: 8/12
  5214 | D:4      | Gained mutation: You are resistant to acid. (rCorr) [Yellow
                  | Draconian growth]
  5310 | D:5      | Entered Level 5 of the Dungeon
  5379 | D:5      | Reached skill level 4 in Fighting
  5423 | D:5      | Identified the +8 hand axe of Bicvuyrgh {vamp, rElec Int+3}
  6163 | D:6      | Noticed a yak
  6171 | D:6      | Noticed a yak
  6173 | D:6      | Noticed a yak
  6257 | D:5      | Killed a yak
  6258 | D:5      | Reached skill level 1 in Axes
  6258 | D:5      | Reached XP level 8. HP: 40/67 MP: 12/14
  6749 | D:5      | Reached skill level 5 in Fighting
  6911 | D:6      | Found a burning altar of Makhleb.
  7394 | D:6      | Found a transporter.
  7397 | D:6      | Noticed porpoise's ghost (novice DsTm)
  7400 | D:6      | Identified the +10 great mace of Gianem {vorpal, rElec
                  | rCorr Dex+5 Stlth-}
  7400 | D:6      | Noticed a two-headed ogre
  7422 | D:6      | Found a transporter.
  7646 | D:6      | Reached XP level 9. HP: 59/74 MP: 14/16
  7958 | D:6      | Found a hazy altar of Hepliaklqana.
  7959 | D:6      | Found a faded altar of an unknown god.
  7963 | D:6      | Reached skill level 5 in Spellcasting
  8252 | D:7      | Reached skill level 5 in Dodging
  8522 | D:7      | Found a shimmering blue altar of Sif Muna.
  8763 | D:7      | Learned a level 5 spell: Silence
  8864 | D:7      | Reached skill level 6 in Fighting
  8900 | D:7      | Found a runed translucent door.
  9035 | D:7      | Found a basalt altar of Yredelemnul.
  9168 | D:8      | Found a shimmering blue altar of Sif Muna.
  9168 | D:8      | Noticed a troll
  9178 | D:8      | Killed a troll
  9179 | D:8      | Reached skill level 5 in Maces & Flails
  9355 | D:8      | Found a broken altar of Ashenzari.
  9417 | D:8      | Found a stormy altar of Qazlal.
  9540 | D:8      | Noticed a centaur warrior
  9569 | D:8      | Killed a centaur warrior
  9570 | D:8      | Reached XP level 10. HP: 54/84 MP: 18/18
  9715 | D:8      | Found a shimmering altar of Xom.
 10038 | D:8      | Reached skill level 5 in Hexes
 10046 | D:8      | HP: 4/84 [poisoned by a killer bee]
 10653 | D:9      | Noticed a death yak
 10662 | D:9      | Noticed a death yak
 10663 | D:9      | Noticed a death yak
 10686 | D:8      | HP: 4/84 [death yak (15)]
 10688 | D:8      | Killed a death yak
 10689 | D:8      | Reached skill level 7 in Fighting
 10689 | D:8      | Reached skill level 5 in Axes
 11227 | D:9      | Found a staircase to the Lair.
 11341 | Lair:1   | Entered Level 1 of the Lair of Beasts
 12321 | Lair:1   | Noticed a cane toad
 12333 | Lair:1   | Killed a cane toad
 12334 | Lair:1   | Reached skill level 1 in Air Magic
 12567 | Lair:1   | Reached XP level 11. HP: 79/94 MP: 20/20
 13506 | Lair:2   | Reached skill level 8 in Fighting
 13726 | Lair:1   | Bought a ring of poison resistance for 300 gold pieces
 13903 | Lair:2   | Found a staircase to the Snake Pit.
 15020 | Lair:2   | Slain by a black mamba

Illustrated notes

Levels and vault maps discovered:
D:1:      dpeg_arrival_prison, layout_basic, nicolae_ecumenical_snake_handling,
          minmay_heptomino_o4
D:2:      layout_loops_ring, grunt_decor_mini_mirrors,
          chequers_serial_rivers_large_b, grunt_ministairs_7, minmay_cupped
D:3:      layout_loops_ring, mainiacjoe_overflow_small_starburst,
          nicolae_dithmenos_through_a_glass_darkly, serial_shops, shop,
          serial_glass, glass_columns_c, glass_columns_b, uniq_ijyb
D:4:      layout_rooms, mainiacjoe_overflow_paths, kennysheep_vampire_church,
          elyvilon_altar_1, lemuel_crystal_altar,
          minmay_temple_entry_statues_fountains, serial_shops, shop,
          chequers_serial_rivers_micro_a, minmay_goblin_kobold_house
D:5:      layout_rooms, minmay_mini_ossuary
D:6:      layout_cave_pools, beargit_hepliaklqana_dungeon_heroes,
          lemuel_doored_altar, gammafunk_ghost_smash
D:7:      layout_loops_ring, dk_yredelemnul_ordeal, kennysheep_mini
D:8:      layout_rooms, ashenzari_conservatory_becter, lemuel_crystal_altar,
          enter_bailey_5, hangedman_feature_mirror
D:9:      layout_basic, dpeg_lair_monsters
Temple:   eino_temple_lava
Lair:1:   layout_cave_pods, infiniplex_staircase_pool_2
Lair:2:   layout_concentric_octagons, guppyfry_snake_entry_island, st_stairs_8

Skill      XL: |  1  2  3  4  5  6  7  8  9 10 11 |
---------------+----------------------------------+-----
Dodging        | 2 3 4 5 6 7 |  7.1
Fighting       | 2 3 4 5 6 7 8 |  8.2
Long Blades    | 1 |  1.4
Transmutations | 3 |  3.0
Maces & Flails | 1 2 3 4 5 6 7 |  7.0
Spellcasting   | 3 4 5 6 |  6.5
Hexes          | 1 2 3 4 5 6 |  6.3
Axes           | 1 2 4 5 6 |  6.3
Air Magic      | 1 3 |  3.7
Unarmed Combat | |  3.5

Action                   |  1- 3 |  4- 6 |  7- 9 | 10-12 || total
-------------------------+-------+-------+-------+-------++-------
Melee: Unarmed           |   106 |    80 |       |       ||   186
       Tailslap          |    16 |    16 |    35 |    34 ||   101
       Kick              |    10 |    34 |    71 |    57 ||   172
       Headbutt          |    16 |    17 |    50 |    32 ||   115
       Punch             |       |     2 |    13 |     5 ||    20
       Mace              |       |    78 |   138 |     6 ||   222
       Long sword        |       |     3 |       |       ||     3
       Hand axe          |       |       |   134 |   196 ||   330
       Battleaxe         |       |       |       |   118 ||   118
 Fire: Hunting sling     |       |     9 |       |       ||     9
 Cast: Beastly Appendage |    24 |    38 |    43 |    25 ||   130
       Wereblood         |     2 |     5 |    13 |     9 ||    29
Invok: Call Merchant     |       |       |       |     1 ||     1
 Abil: Breathe Acid      |       |       |       |     4 ||     4
Evoke: Wand              |       |       |       |     4 ||     4
  Use: Potion            |       |     1 |     1 |     8 ||    10
       Scroll            |       |     4 |     1 |     3 ||     8
 Stab: Sleeping          |       |     1 |       |       ||     1
       Distracted        |       |     1 |     1 |     1 ||     3
       Paralysed         |       |       |       |     7 ||     7
Armor: Skin              |    38 |    67 |   104 |   111 ||   320
Dodge: Dodged            |    80 |   136 |   195 |   260 ||   671

Table legend: (Time is in decaauts)
 A = Elapsed time spent in this place.
 B = Non-inter-level travel time spent in this place.
 C = Inter-level travel time spent in this place.
 D = Time resting spent in this place.
 E = Time spent auto-exploring this place.
 F = Levels seen in this place.
 G = Mean time per level.
                   A        B        C        D        E       F      G
               +--------+--------+--------+--------+--------+-----+--------+
         Total |  15129 |  14774 |    355 |   3982 |   6826 |  12 | 1260.8 |
       Dungeon |  12244 |  11946 |    298 |   2934 |   5552 |   9 | 1360.4 |
        Temple |    116 |    111 |      5 |      0 |    102 |   1 |  116.0 |
          Lair |   2768 |   2717 |     51 |   1048 |   1172 |   2 | 1384.0 |
               +--------+--------+--------+--------+--------+-----+--------+

Top non-repeatable levels by time:
     D:8: 1840 daAuts
     D:2: 1787 daAuts
     D:5: 1642 daAuts
  Lair:2: 1540 daAuts
     D:6: 1486 daAuts
     D:1: 1374 daAuts
  Lair:1: 1228 daAuts
     D:3: 1131 daAuts
     D:9: 1053 daAuts
     D:7: 975 daAuts
     D:4: 951 daAuts
  Temple: 116 daAuts
